General information
- name: BNet
- type: Ladder team game (AT/RT)
- host: Battle.net
- saver: AltTabbedNotAFK
map: GolemsInTheMist
- players: 8
- length: 26:20
- speed: Fast
- version: 1.28 W3XP
- replay type: Public
» download(180 KB)
Players
team 1 (winner)
Kael (
yellow | 57 APM | 1493 actions | 26:19)
3 Archmage
2 Summon Water Elemental
1 Brilliance Aura
1 Mountain King
1 Storm Bolt
» actions
| Assign group hotkey | 2 | |
| Basic commands | 148 | |
| Build / train | 74 | |
| Enter build submenu | 28 | |
| Enter hero's abilities submenu | 4 | |
| Right click | 764 | |
| Select / deselect | 369 | |
| Use ability | 104 | |
1493 total
» units
| Peasant | 15 | |
| Footman | 11 | |
| Rifleman | 3 | |
| Mortar Team | 4 | |
| Siege Engine | 6 | |
| Flying Machine | 6 | |
45 total
» upgrades
| Swords | 1 | |
| Plating | 1 | |
| Gunpowder | 1 | |
| Flak Cannons | 1 | |
| Barrage | 1 | |
5 total
» buildings
| Farm | 9 | |
| Altar of Kings | 1 | |
| Barracks | 1 | |
| Scout Tower | 4 | |
| Arcane Tower | 2 | |
| Arcane Vault | 1 | |
| Lumber Mill | 1 | |
| Keep | 2 | |
| Blacksmith | 1 | |
| Castle | 2 | |
| Workshop | 2 | |
| Town Hall | 2 | |
| Gryphon Aviary | 2 | |
| Guard Tower | 2 | |
32 total
» build order
00:48 Farm
00:49 Altar of Kings
01:01 Barracks
01:43 Farm
02:14 Scout Tower
02:21 Farm
02:43 Arcane Tower
02:43 Arcane Tower
02:55 Farm
03:11 Arcane Vault
04:00 Lumber Mill
04:42 Keep
04:42 Keep
05:33 Blacksmith
06:24 Farm
06:25 Farm
07:37 Castle
07:38 Castle
08:52 Workshop
09:36 Workshop
12:21 Farm
12:22 Farm
12:23 Farm
17:56 Town Hall
22:01 Gryphon Aviary
22:03 Gryphon Aviary
22:59 Scout Tower
23:00 Scout Tower
23:02 Scout Tower
23:16 Town Hall
23:26 Guard Tower
23:26 Guard Tower
» items

»
Fatalvows2017 (
blue | 19 APM | 505 actions | 26:19)
4 Blademaster
2 Mirror Image
2 Wind Walk
» actions
| Basic commands | 8 | |
| Build / train | 54 | |
| Enter build submenu | 22 | |
| Enter hero's abilities submenu | 4 | |
| Right click | 282 | |
| Select / deselect | 109 | |
| Use ability | 26 | |
505 total
» units
| Peon | 5 | |
| Grunt | 9 | |
| Troll Headhunter/Berserker | 13 | |
| Troll Batrider | 8 | |
| Wind Rider | 7 | |
| Raider | 1 | |
43 total
» upgrades
| Melee Weapons | 2 | |
| Ensnare | 1 | |
| Armor | 2 | |
5 total
» buildings
| Altar of Storms | 1 | |
| Barracks | 1 | |
| Orc Burrow | 13 | |
| War Mill | 1 | |
| Stronghold | 1 | |
| Voodoo Lounge | 1 | |
| Watch Tower | 2 | |
| Beastiary | 1 | |
21 total
» build order
00:13 Altar of Storms
00:16 Barracks
00:39 Orc Burrow
03:03 Orc Burrow
03:11 Orc Burrow
03:42 Orc Burrow
03:52 War Mill
06:45 Stronghold
06:54 Voodoo Lounge
08:11 Watch Tower
08:19 Watch Tower
09:42 Beastiary
12:07 Orc Burrow
12:29 Orc Burrow
14:05 Orc Burrow
14:10 Orc Burrow
16:54 Orc Burrow
17:04 Orc Burrow
18:02 Orc Burrow
19:26 Orc Burrow
19:31 Orc Burrow
angrywinds (
purple | 43 APM | 1129 actions | 26:19)
3 Demon Hunter
2 Mana Burn
1 Evasion
1 Priestess of the Moon
1 Searing Arrows
» actions
| Basic commands | 182 | |
| Build / train | 55 | |
| Enter build submenu | 17 | |
| Enter hero's abilities submenu | 4 | |
| Give item / drop item | 1 | |
| Remove unit from queue | 2 | |
| Right click | 446 | |
| Select / deselect | 364 | |
| Use ability | 58 | |
1129 total
» units
| Wisp | 13 | |
| Archer | 6 | |
| Huntress | 7 | |
| Glaive Thrower | 1 | |
| Hippogryph | 14 | |
41 total
» upgrades
| Moon Armor | 1 | |
| Sentinel | 1 | |
| Hippogryph Taming | 1 | |
| Strength of the Moon | 1 | |
4 total
» buildings
| Altar of Elders | 1 | |
| Moon Well | 6 | |
| Ancient of War | 2 | |
| Hunter's Hall | 1 | |
| Ancient Protector | 1 | |
| Tree of Ages | 1 | |
| Ancient of Wind | 2 | |
14 total
» build order
00:13 Altar of Elders
00:26 Moon Well
00:37 Ancient of War
01:55 Hunter's Hall
02:21 Moon Well
02:39 Ancient of War
03:22 Ancient Protector
04:57 Tree of Ages
04:59 Moon Well
06:12 Moon Well
07:29 Ancient of Wind
07:33 Ancient of Wind
09:27 Moon Well
11:39 Moon Well
» items
AltTabbedNotAFK (
pink | 64 APM | 1676 actions | 26:20)
3 Blood Mage
2 Flame Strike
1 Siphon Mana
» actions
| Assign group hotkey | 116 | |
| Basic commands | 265 | |
| Build / train | 88 | |
| Enter build submenu | 41 | |
| Enter hero's abilities submenu | 4 | |
| Give item / drop item | 3 | |
| Remove unit from queue | 3 | |
| Right click | 365 | |
| Select / deselect | 437 | |
| Select group hotkey | 232 | |
| Use ability | 122 | |
1676 total
» units
| Peasant | 16 | |
| Footman | 4 | |
| Goblin Shredder | 2 | |
| Goblin Zeppelin | 1 | |
| Gryphon Rider | 10 | |
| Goblin Sapper | 4 | |
37 total
» upgrades
| Masonry | 1 | |
| Swords | 3 | |
| Armor | 3 | |
| Storm Hammers | 1 | |
| Animal War Training | 1 | |
9 total
» buildings
| Altar of Kings | 2 | |
| Barracks | 1 | |
| Farm | 8 | |
| Scout Tower | 17 | |
| Arcane Tower | 1 | |
| Arcane Vault | 2 | |
| Keep | 1 | |
| Town Hall | 1 | |
| Castle | 1 | |
| Lumber Mill | 1 | |
| Blacksmith | 3 | |
| Gryphon Aviary | 4 | |
| Guard Tower | 12 | |
54 total
» build order
01:49 Altar of Kings
01:52 Altar of Kings
01:53 Barracks
01:56 Farm
01:57 Farm
01:59 Farm
02:00 Farm
02:24 Scout Tower
03:08 Arcane Tower
04:19 Arcane Vault
04:41 Keep
05:28 Farm
06:48 Town Hall
06:52 Scout Tower
06:54 Scout Tower
06:56 Scout Tower
06:56 Scout Tower
07:23 Castle
07:30 Lumber Mill
07:43 Blacksmith
07:45 Blacksmith
07:46 Farm
08:11 Gryphon Aviary
08:16 Gryphon Aviary
08:21 Gryphon Aviary
08:29 Gryphon Aviary
08:58 Farm
08:59 Farm
09:05 Blacksmith
09:29 Scout Tower
09:31 Scout Tower
09:36 Scout Tower
09:37 Scout Tower
09:39 Scout Tower
09:39 Scout Tower
09:43 Scout Tower
11:09 Guard Tower
11:13 Guard Tower
11:14 Guard Tower
11:14 Guard Tower
11:16 Guard Tower
11:16 Guard Tower
11:16 Guard Tower
11:20 Guard Tower
11:23 Guard Tower
11:54 Guard Tower
12:23 Guard Tower
13:16 Scout Tower
13:17 Scout Tower
13:17 Scout Tower
13:17 Scout Tower
16:49 Guard Tower
17:26 Arcane Vault
22:14 Scout Tower
» items
| Scroll of Regeneration | 3 | |
| Scroll of Town Portal | 11 | |
| Staff of Sanctuary | 1 | |
| Potion of Healing | 5 | |
20 total
team 2 (loser)
PizzaPussiSanta (
red | 41 APM | 294 actions | 07:10)
1 Paladin
1 Devotion Aura
» actions
| Assign group hotkey | 3 | |
| Basic commands | 6 | |
| Build / train | 23 | |
| Enter build submenu | 13 | |
| Enter hero's abilities submenu | 1 | |
| Right click | 171 | |
| Select / deselect | 59 | |
| Select group hotkey | 2 | |
| Use ability | 16 | |
294 total
» units
| Peasant | 6 | |
| Footman | 6 | |
| Rifleman | 5 | |
17 total
» upgrades
» buildings
| Altar of Kings | 2 | |
| Farm | 5 | |
| Barracks | 2 | |
| Lumber Mill | 1 | |
| Blacksmith | 1 | |
| Scout Tower | 2 | |
| Guard Tower | 1 | |
| Arcane Tower | 1 | |
15 total
» build order
00:08 Altar of Kings
00:10 Altar of Kings
00:15 Farm
00:29 Barracks
01:00 Farm
01:48 Lumber Mill
01:55 Farm
02:40 Farm
02:53 Blacksmith
03:28 Farm
05:02 Barracks
06:00 Scout Tower
06:19 Scout Tower
06:27 Guard Tower
06:47 Arcane Tower

»
Salty-Cracker (
teal | 55 APM | 379 actions | 06:52)
1 Archmage
1 Summon Water Elemental
» actions
| Assign group hotkey | 9 | |
| Basic commands | 45 | |
| Build / train | 21 | |
| Enter build submenu | 10 | |
| Enter hero's abilities submenu | 1 | |
| Remove unit from queue | 1 | |
| Right click | 124 | |
| Select / deselect | 93 | |
| Select group hotkey | 63 | |
| Use ability | 12 | |
379 total
» units
| Peasant | 6 | |
| Footman | 5 | |
| Rifleman | 4 | |
15 total
» upgrades
» buildings
| Altar of Kings | 1 | |
| Farm | 5 | |
| Barracks | 1 | |
| Scout Tower | 1 | |
| Blacksmith | 1 | |
| Arcane Tower | 1 | |
| Keep | 1 | |
11 total
» build order
00:09 Altar of Kings
00:11 Farm
00:39 Barracks
00:47 Farm
01:24 Scout Tower
02:06 Blacksmith
02:11 Arcane Tower
04:18 Farm
05:06 Farm
06:13 Keep
06:15 Farm
israelinoodle (
orange | 35 APM | 244 actions | 06:58)
» actions
| Assign group hotkey | 5 | |
| Build / train | 33 | |
| ESC pressed | 2 | |
| Enter build submenu | 25 | |
| Right click | 54 | |
| Select / deselect | 84 | |
| Select group hotkey | 4 | |
| Use ability | 37 | |
244 total
» units
» upgrades
» buildings
| Lumber Mill | 1 | |
| Farm | 5 | |
| Scout Tower | 23 | |
| Guard Tower | 13 | |
| Arcane Tower | 2 | |
| Altar of Kings | 1 | |
45 total
» build order
00:14 Lumber Mill
00:29 Farm
00:54 Scout Tower
01:01 Scout Tower
01:04 Scout Tower
01:20 Farm
01:35 Guard Tower
02:00 Arcane Tower
02:05 Scout Tower
02:06 Scout Tower
02:07 Scout Tower
02:31 Guard Tower
02:59 Guard Tower
03:07 Farm
03:14 Scout Tower
03:15 Scout Tower
03:16 Scout Tower
03:18 Scout Tower
03:19 Scout Tower
03:37 Scout Tower
03:43 Scout Tower
03:45 Scout Tower
03:45 Scout Tower
03:48 Scout Tower
04:10 Guard Tower
04:13 Guard Tower
04:34 Altar of Kings
04:39 Guard Tower
04:50 Guard Tower
05:02 Scout Tower
05:03 Scout Tower
05:03 Scout Tower
05:04 Scout Tower
05:08 Guard Tower
05:14 Guard Tower
05:20 Scout Tower
05:21 Farm
05:27 Scout Tower
05:28 Farm
05:37 Arcane Tower
05:56 Guard Tower
06:01 Scout Tower
06:03 Guard Tower
06:13 Guard Tower
06:29 Guard Tower
Chat log
(00:50 / All) Kael: pink
(00:53 / Allies) Kael: why must u
(00:55 / Allies) Kael: do this
(00:55 / Allies) Kael: to me
(00:56 / Allies) Kael: twice
(01:05 / Allies) Kael: 3v4
(01:06 / Allies) angrywinds: rush?
(01:06 / Allies) Kael: lets rush
(01:07 / Allies) AltTabbedNotAFK: nothing personal, just business
(02:31 / Allies) Kael: go now
(02:33 / Allies) Kael: purple
(07:05 / 8) AltTabbedNotAFK: stay I tk
(07:11 / 4) AltTabbedNotAFK: stay I tk
(08:09 / 8) AltTabbedNotAFK: you there?
(12:39 / Allies) Kael: tk alert
(13:08 / Allies) Kael: lets kill him
(13:57 / 8) AltTabbedNotAFK: hit top
(14:01 / 8) AltTabbedNotAFK: I need you to kill purp he has hippo
(15:22 / All) AltTabbedNotAFK: hit top ;laes
(16:12 / All) AltTabbedNotAFK: hit top please
(16:21 / All) AltTabbedNotAFK: hit top if yo uwant to win
(17:04 / All) AltTabbedNotAFK: HIT TOP MOTHERFUCKER
(20:47 / All) Kael: better tp out
(24:44 / All) AltTabbedNotAFK: you're lucky those pussies quit
(24:49 / All) AltTabbedNotAFK: and this retard didn't do jack shit
(25:02 / All) angrywinds: wow pink settle down